Cogmind - Beta 15 @@@ ROGUE MODE // 2025.10.04 @ 19:00:08 Player: Grey Result: Destroyed by G-34 Mercenary with Small Laser Performance ------------- Evolutions (0) 0 Regions Visited (1) 200 Robots Destroyed (11) 55 Value Destroyed (225) 225 Prototype IDs (0) 0 Alien Tech Used (0) 0 Bonus (0) 0 TOTAL SCORE: 480 Bonus ------- None Cogmind --------- Core Integrity 0/250 Matter 295/300 Energy 100/100 System Corruption 0% Temperature Cool (12) Movement Core (1350) Ox26 Location -10/Materials Parts ------- > --- POWER (1) -------- (None) > --- PROPULSION (2) --- (None) > --- UTILITY (2) ------ Huge Storage Unit Targeting Computer > --- WEAPON (2) ------- Light Assault Rifle > --- INVENTORY (25) --- Ion Engine Improved Heat Sink Huge Storage Unit Sensor Array Terrain Scanner Targeting Computer Targeting Computer Targeting Computer Targeting Computer Targeting Computer Targeting Computer Utility Shielding Light Armor Plating Light Armor Plating Light Armor Plating Grenade Launcher Peak State ------------ > --- POWER ------------ Ion Engine > --- PROPULSION ------- Wheel Wheel > --- UTILITY ---------- Huge Storage Unit Targeting Computer > --- WEAPON ----------- Assault Rifle Light Assault Rifle > --- INVENTORY -------- Ion Engine Huge Storage Unit Targeting Computer Targeting Computer Targeting Computer Targeting Computer Targeting Computer Light Armor Plating Light Assault Rifle Grenade Launcher [Rating: 8] Favorites ----------- Power Ion Engine Engine Ion Engine Propulsion Wheel Wheel Wheel Utility Huge Storage Unit Storage Huge Storage Unit Processor Targeting Computer Weapon Light Assault Rifle Ballistic Gun Light Assault Rifle Build | -11 -10 ------- Run | Yrd Mat Slots Evolved . | . . Power . | . . Propulsion . | . . Utility . | . . Weapon . | . . Parts Attached 10 | 6 4 Power 2 | 1 1 Engine 2 | 1 1 Core . | . . Reactor . | . . Propulsion 2 | 2 . Treads . | . . Leg . | . . Wheel 2 | 2 . Hover . | . . Flight . | . . Utility 3 | 1 2 Device . | . . Storage 2 | 1 1 Processor 1 | . 1 Hackware . | . . Protection . | . . Artifact . | . . Weapon 3 | 2 1 Energy Gun . | . . Energy Cannon . | . . Ballistic Gun 3 | 2 1 Ballistic Cannon . | . . Launcher . | . . Special Weapon . | . . Impact Weapon . | . . Slashing Weapon . | . . Piercing Weapon . | . . Special Melee Weapon . | . . Unidentified Prototypes . | . . Parts Lost 6 | . 6 Power 2 | . 2 Propulsion 2 | . 2 Utility . | . . Weapon 2 | . 2 Highest Loss Streak 2 | . 2 To Critical Strikes . | . . Average Backups 9 | 1 10 Power . | . . Propulsion . | . . Utility 7 | . 8 Weapon 1 | . 1 Tool/Special . | . . Unused Backups 16 | . 16 Power 1 | . 1 Propulsion . | . . Utility 14 | . 14 Weapon 1 | . 1 Tool/Special . | . . Average Slot Usage (%) 90 | . 90 Engine 13 | . 13 Wheel 25 | . 25 Storage 14 | . 14 Processor 10 | . 10 Ballistic Gun 25 | . 25 Peak Build Rating 8 | 6 8 Average Rating 6 | 3 7 On Entrance 3 | . 6 Naked Turns . | . . Heaviest Build 88 | 13 88 Greatest Support 20 | 20 20 Greatest Overweight (x) 28 | . 28 Average Overweight (x) 2 | . 2 Largest Inventory Capacity 25 | 8 25 Average Capacity 20 | 5 21 Most Carried 17 | 4 17 Average Carried 10 | 1 10 Final Capacity 25 | 8 25 Final Carried 16 | 1 16 Class Distribution -------------------- 100% | Mutant Dominant Class ---------------- Mutant | -10/Materials Resources | -11 -10 ----------- Run | Yrd Mat Matter Collected 371 | 246 125 Remotely . | . . Salvage Created 286 | . 286 Parts 26 | . 26 Haulers Intercepted . | . . Recyclers Shooed . | . . Parts Field Recycled . | . . Retrieved Matter . | . . Parts Self-Destructed . | . . Prevented . | . . Kills | -11 -10 ------- Run | Yrd Mat Combat Hostiles Destroyed 10 | . 10 Guns 10 | . 10 Classes Destroyed 3 | . 3 Watcher 1 | . 1 Swarmer 6 | . 6 Grunt 4 | . 4 Best Kill Streak 3 | . 3 Combat Bots Only 3 | . 3 Max Kills in Single Turn 2 | . 2 Gunslinging 1 | . 1 Exploded . | . . Melee . | . . Uniques/NPCs Destroyed . | . . Combat | -11 -10 -------- Run | Yrd Mat Hostile Shots Fired 96 | . 96 Missed 25 | . 25 Hits 71 | . 71 Projectile 71 | . 71 Damage Taken 740 | . 740 Core 256 | . 256 Absorbed by Shields . | . . Core Remaining (%) 100 | 100 . Volleys Fired 44 | . 44 Largest 2 | . 2 Hottest 40 | . 40 Shots Fired 66 | . 66 Gun 66 | . 66 Cannon . | . . Launcher . | . . Special . | . . Kinetic 66 | . 66 Thermal . | . . Explosive . | . . Electromagnetic . | . . Robot Hit Streak 7 | . 7 Robot Miss Streak 3 | . 3 Penetration Max . | . . Secondary Targets 2 | . 2 Max Gunslinging Chain 1 | . 1 Shots Hit Robots 40 | . 40 Core Hits 20 | . 20 Critical Kills . | . . Critical Parts Destroyed . | . . Critical Strikes . | . . Melee Attacks . | . . Impact . | . . Slashing . | . . Piercing . | . . Sneak Attacks . | . . Combat Hostiles . | . . Follow-up Attacks . | . . Damage Inflicted 400 | . 400 Guns 400 | . 400 Cannons . | . . Explosions . | . . Melee . | . . Ramming . | . . Kinetic 400 | . 400 Thermal . | . . Explosive . | . . Electromagnetic . | . . Impact . | . . Slashing . | . . Piercing . | . . Highest Corruption . | . . Average Corruption . | . . Corruption Purged . | . . Corruption Blocked . | . . Overload Shots . | . . Overflow Damage . | . . Projectiles . | . . Explosions . | . . Melee . | . . Knockbacks . | . . Impact . | . . Kinetic . | . . Secondary . | . . Self-Inflicted Damage . | . . Shots . | . . Rammed . | . . Targets Rammed . | . . Kicked . | . . Crushed . | . . Highest Temperature 9 | . 9 Average Temperature 7 | . 7 Received Heat Transfer 270 | . 270 Siege Activations . | . . Martial Activations . | . . Shielding Activations . | . . Robots Disrupted . | . . Combat Hostiles . | . . Robots Corrupted . | . . Combat Hostiles . | . . Parts Fried . | . . Impact Corruptions . | . . Robots Melted . | . . Combat Hostiles . | . . Parts Melted . | . . Heat Transferred . | . . Parts Sabotaged . | . . Parts Stolen . | . . Parts Stripped . | . . Power Chain Reactions . | . . Alert | -11 -10 ------- Run | Yrd Mat Maximum Alert Level . | . . Low Security (%) 100 | 100 100 Level 1 . | . . Level 2 . | . . Level 3 . | . . Level 4 . | . . Level 5 . | . . High Security . | . . Max Security . | . . Peak Influence 165 | . 165 Initial . | . . Average 50 | . 54 Influence Increases 302 | . 302 Destroy 0b10 Robot/C 200 | . 200 Destroy 0b10 Robot/NC 5 | . 5 Destroy Leader 52 | . 52 Lose Combat Pursuer 45 | . 45 Influence Decreases 188 | . 188 Time Decay 128 | . 128 Lost Part 60 | . 60 Squads Dispatched 2 | . 2 Investigation 1 | . 1 Extermination . | . . Reinforcement 1 | . 1 Assault . | . . Garrison . | . . Intercept . | . . Searches Triggered . | . . Construction Impeded . | . . Haulers Reinforced . | . . Active Scanning Responses . | . . Cargo Convoy Interrupts . | . . Stealth | -11 -10 --------- Run | Yrd Mat Distress Signals 2 | . 2 Communications Jammed . | . . Distress Signals . | . . Times Spotted 21 | . 21 Peak Tracking Total 5 | . 5 Tactical Retreats 2 | . 2 Traps | -11 -10 ------- Run | Yrd Mat Traps Triggered 1 | . 1 Indirectly . | . . Trap Hack Attempts . | . . Triggered . | . . Disarmed . | . . Reprogrammed . | . . Reused . | . . Traps Extracted . | . . Installed . | . . Triggered . | . . Machines | -11 -10 ---------- Run | Yrd Mat Machines Disabled . | . . Max in Single Turn . | . . Machines Repaired . | . . Machines Dismantled . | . . Machines Sabotaged . | . . Overloaded Fab Kills . | . . Hacking | -11 -10 --------- Run | Yrd Mat Machines Accessed 1 | . 1 Terminals 1 | . 1 Fabricators . | . . Repair Stations . | . . Recycling Units . | . . Scanalyzers . | . . Garrison Access . | . . Total Hacks 1 | . 1 Successful . | . . Failed 1 | . 1 Catastrophic . | . . Database Lockouts . | . . Manual . | . . Terminals 1 | . 1 Fabricators . | . . Repair Stations . | . . Recycling Units . | . . Scanalyzers . | . . Garrison Access . | . . Terminal Hacks . | . . Fabricator Hacks . | . . Repair Station Hacks . | . . Recycling Unit Hacks . | . . Scanalyzer . | . . Garrison Access Hacks . | . . Unauthorized Hacks . | . . Terminals . | . . Fabricators . | . . Repair Stations . | . . Recycling Units . | . . Scanalyzers . | . . Garrison Access . | . . Data Cores Recovered . | . . Used . | . . Hacking Detections 1 | . 1 Full Trace Events . | . . Feedback Events . | . . Feedback Blocked . | . . Robot Schematics Acquired . | . . Robots Built . | . . Authchips . | . . Time . | . . Total Robot Build Rating . | . . Part Schematics Acquired . | . . Parts Built . | . . Authchips . | . . Time . | . . Total Part Build Rating . | . . Parts Repaired . | . . Time . | . . Parts Recycled . | . . Recycled Matter . | . . Retrieved Matter . | . . Retrieved Components . | . . Parts Scanalyzed . | . . Part Schematics Acquired . | . . Parts Damaged . | . . Bothacking | -11 -10 ------------ Run | Yrd Mat Used RIF Installer . | . . Robots Hacked . | . . Non-combat . | . . Combat . | . . Robot Hacks Applied . | . . Relay Couplers Released . | . . Fabnet Peak Effective % . | . . Robots Rewired . | . . Allies Hacked . | . . Hacks Repelled . | . . Allies | -11 -10 -------- Run | Yrd Mat Total Allies . | . . Largest Group . | . . Highest-Rated Group . | . . Highest-Rated Ally . | . . Total Orders . | . . Ally Attacks . | . . Total Damage . | . . Kills . | . . Allies Corrupted . | . . Allies Melted . | . . Intel | -11 -10 ------- Run | Yrd Mat Active Infowar (turns) . | . . Robot Analysis Total . | . . Derelict Logs Recovered . | . . Drone Launches . | . . Drone Recoveries . | . . Exploration | -11 -10 ------------- Run | Yrd Mat Turns Passed 549 | 43 506 Spaces Moved 289 | 40 249 Core 8 | 7 1 Treads . | . . Legs . | . . Wheels 281 | 33 248 Hover . | . . Flight . | . . Fastest Speed 50 | 50 80 Average Speed 120 | 74 127 Slowest Speed 1450 | 80 1450 Overloaded Moves . | . . Propulsion Burnouts . | . . Robots Hopped . | . . Potential Cave-ins . | . . Cave-ins Triggered . | . . Exploration Rate (%) 25 | 4 47 Regions Visited 1 Branch Regions . Pre-discovered Areas . | . . Known Exits Taken . | . . Unknown Exits Taken 1 | 1 . Scrap Searched . | . . Spaces Dug . | . . Terrain Destroyed . | . . Melee . | . . Projectile . | . . AOE . | . . Terrain Rammed . | . . Walls Destroyed . | . . Machines Disabled . | . . Actions | -11 -10 --------- Run | Yrd Mat Total 433 | 52 381 Wait 65 | . 65 Move 288 | 39 249 Hop . | . . Pick Up 25 | 7 18 Fast Attach 1 | . 1 Attach 9 | 6 3 Detach . | . . Swap . | . . Drop 1 | . 1 Fire 44 | . 44 Melee . | . . Ram . | . . Kick . | . . Crush . | . . Escape Stasis . | . . Rewire . | . . Trap . | . . Miscellaneous . | . . Route ------- -11/Scrapyard -10/Materials History --------- Turn | Location | Event 13 | -11/Scrapyard | Discovered new exit (range 16) 44 | -11/Scrapyard | Entered Materials 309 | -10/Materials | Build established: Mutant 521 | -10/Materials | Core integrity fell below 50% 545 | -10/Materials | Core integrity fell below 20% 550 | -10/Materials | Destroyed by G-34 Mercenary with Small Laser Last Messages --------------- 00450_ U-05 Engineer lays Concrete. 00451_ Assault Rifle destroyed. 00453_ U-05 Engineer lays Concrete. 00454_ T-07 Excavator is excavating. 00455_ U-05 Engineer lays Concrete. 00470_ Triggered Alarm Trap. 00470_ An alarm sounds. 00470_ ALERT: Alarm triggered, dispatching investigation squad. 00485_ Wheel destroyed. 00489_ Lgt. Assault Rifle destroyed. 00491_ G-34 Mercenary destroyed. 00492_ Acquired 29 matter. 00500_ W-16 Scout sends out distress signal. 00503_ Acquired 1 matter. 00504_ W-16 Scout destroyed. 00505_ Acquired 1 matter. 00527_ G-34 Mercenary destroyed. 00527_ Wheel destroyed. 00538_ Ion Engine destroyed. Map ----- +----------------------------------------------------+ | ???????????????????????????????? | | ???????????????????????????????? | | ???????????????????????????????? | | ???????????????????????????????? | | ???????????????????????????????? | | ???????????????????????????????? | | ???????????????????????????????? | | ???????????????????????????????? | | ???????????????????????????????? | | ???????????????????????????????? | | ???????????????????????????????? | | ???????????????????????????????? | | ???????????????????????????????? | | ???????????????????????????????? | | ???????????????????????????????? | | ???????????????????????????????? | | ????######?????????????????????? | | ????# #?????????????????????? | | ????# #?????????????????????? | | ????# #?######??????????????? | | ????# ###!!!!##?????????????? | | #####/## ##! !#?????????????? | | # g # #?? #?????????????? | | # !!!*=#[#???# #?????????????? | | # !!!%!#g#???# #######???????? | | # !!!o%@*#???# + #???????? | | # *!#[#???# # #???????? | | # # #???# # " #???????? | | ######## #???# # """#???????? | | ???????# #???# # """#???????? | | ???????# #???# # """#???????? | | ???????# #???# # "" #???????? | | ?????### ##### # """#???????? | | ?????# # ""#???????? | | ??# # # """######### | | ???# # " ## | | ???# # !! # ## "" | | ???### !^^ ###+#### "" | | ?????## ! # "" | | ??????# + | | ??????# # "" | | ??????# ######+# "" | | ??????# # # % "" | | ??????# """ # ! # =*% | | ??????# """ # ######+# | | ??????# """ # #????# # | | ??? + + #????# # | | ?????"# # #????# # | | ??????# #### # #????# # | | ??????# ???# # #???##^ | +----------------------------------------------------+ Best States ------------- Heat Dissipation 25 Energy Generation 10 Energy Capacity 250 Matter Stores 300 Matter Capacity 300 Sight Range 16 Terrain Scan Density 10 Evasion (%) 44 Targeting Accuracy 5 Item Schematics ----------------- None Robot Schematics ------------------ None Fabricated ------------ Nothing Repaired ---------- Nothing Alien Tech Used ----------------- None Achievements -------------- None Challenges ------------ None Game ------ Seed PortableCompactHumpback Manual? 0 Play Time 00:09:12 Cumulative 15.3 hours Start 2025.10.04 @ 18:53:47 End 2025.10.04 @ 19:00:08 Sessions 1 Manual Loads 0 Difficulty Rogue Special Mode None Game No. 15 Rogue 15 Adventurer 0 Explorer 0 Win Type - Total 0 Types 0/0/0/0/0/0/0/0/0/0 Lore% 11 Gallery% 16 Achievement% 17 Wizard Run 0 Options --------- Layout 1 ASCII 0 Keyboard 0 Movement Mouse Keybinds 0 Fullscreen 1 Font 32/SmallcapsGlow Map View 50x35 Zoom Use 0% Tactical HUD 1 Map Filters NONE Filters NONE Steam 1 RUN: 2e301b96-4ba1-4b2d-b281-f39adfd46307